 Dungeon Crawl Stone Soup version 0.30.1 (webtiles) character file.

Game seed: 7120530369713309195

1047 monsoonserge the Carver (level 8, 0/68 HPs)
             Began as a Meteoran Monk on July 3, 2023.
             Was a Believer of Nemelex Xobeh.
             Slain by a water moccasin (5 damage)
             ... on level 5 of the Dungeon.
             The game lasted 00:14:19 (2179 turns).

monsoonserge the Carver (Meteoran Monk)             Turns: 2179, Time: 00:14:20

Health: 0/68       AC: 11    Str: 19    XL:     8   Next: 79%
Magic:  9/9        EV: 10    Int: 11    God:    Nemelex Xobeh [**....]
Gold:   207        SH:  0    Dex: 19    Spells: 7/7 levels left

rFire   . . .        a - +0 falchion
rCold   . . .        d - orb {light}
rNeg    . . .        l - +0 chain mail
rPois   .            c - +0 helmet
rElec   .            (no cloak)
rCorr   .            (no gloves)
SInv    .            (no boots)
Will    +....        (no amulet) Stlth
                     k - +6 ring of strength
HPRegen 0.31/turn    x - ring of flight
MPRegen 0.11/turn

%: no passive effects
@: lethally poisoned (0 -> -3), flying, glowing
A: sense surroundings 1, otherworldly, glowing, explore regen
a: Renounce Religion, Draw Escape, Draw Destruction, Draw Summoning


You were on level 5 of the Dungeon.
You worshipped Nemelex Xobeh.
Nemelex Xobeh was pleased with you.
You visited 2 branches of the dungeon, and saw 7 of its levels.

You collected 207 gold pieces.

Inventory:

Hand Weapons
 a - a +0 falchion (weapon)
Missiles
 m - 5 boomerangs (quivered)
 t - 7 poisoned darts
 y - 2 throwing nets
Armour
 c - a +0 helmet (worn)
 d - an orb of light (worn)
 l - a +0 chain mail (worn)
Jewellery
 k - a +6 ring of strength (left hand)
 x - a ring of flight (right hand)
Wands
 s - a wand of roots (5)
 u - a wand of polymorph (7)
 w - a wand of flame (14)
Scrolls
 e - a scroll of enchant weapon {unknown}
 f - 2 scrolls of fear
 g - a scroll of enchant armour
 n - 2 scrolls of magic mapping
 o - a scroll of vulnerability
 q - 3 scrolls of teleportation
Potions
 b - a potion of mutation {unknown}
 h - a potion of resistance {unknown}
 i - a potion of berserk rage {unknown}
 j - a potion of haste {unknown}
 p - a potion of curing {unknown}
 r - 2 potions of degeneration {unknown}
 v - a potion of attraction {unknown}


   Skills:
 + Level 5.0 Fighting
 + Level 8.9 Long Blades
 + Level 0.1 Throwing
 + Level 5.0 Armour
 + Level 5.1 Dodging
 * Level 1.1 Invocations


You had 7 spell levels left.
You didn't know any spells.
Your spell library contained the following spells:

 Spells                   Type           Power      Damage    Failure   Level
 Poisonous Vapours        Pois/Air       0%         N/A       99%         2
 Gell's Gravitas          Tloc           0%         N/A       100%        3
 Mephitic Cloud           Conj/Pois/Air  0%         N/A       100%        3
 Portal Projectile        Hex/Tloc       0%         N/A       100%        3
 Teleport Other           Tloc           0%         N/A       100%        3
 Tukima's Dance           Hex            0%         N/A       100%        3
 Blade Hands              Tmut           0%         N/A       100%        5
 Freezing Cloud           Conj/Ice/Air   0%         6-21      100%        5
 Dispersal                Tloc           0%         N/A       100%        6


Dungeon Overview and Level Annotations

Branches:
Dungeon (6/15) Zot: 1517   Temple (1/1) D:5 Zot: 506

Altars:
Dithmenos
Gozag
Hepliaklqana
Makhleb
Nemelex Xobeh
Qazlal
Ru
Trog
Vehumet
Xom
Zin
The Shining One


Innate Abilities, Weirdness & Mutations

You passively map a small area around you.
You are easily found by Zot.
You glow in the dark.
You regain HP and MP as you explore.


Message History

The sleepcap is severely damaged.
You feel very sick. The water moccasin bites you.
The sleepcap closely misses you.
You slash the sleepcap!
You destroy the sleepcap!
You feel very sick. The water moccasin closely misses you.
Your Armour skill increases to level 5!
You hit the water moccasin.
The water moccasin is lightly wounded.
You feel very sick.
The water moccasin bites you but does no damage.
You hit the water moccasin but do no damage.
The water moccasin is lightly wounded.
You feel sick.
The water moccasin bites you but does no damage. x2
You barely miss the water moccasin.
The water moccasin is lightly wounded.
You feel sick. The water moccasin bites you.
* * * LOW HITPOINT WARNING * * *
Okay, then.
You hit the water moccasin.
The water moccasin is lightly wounded.
* * * LOW HITPOINT WARNING * * *
You feel sick. The water moccasin closely misses you.
Unknown command.
You slash the water moccasin!
The water moccasin is moderately wounded.
You feel sick.
The water moccasin bites you but does no damage.
You hit the water moccasin.
The water moccasin is heavily wounded.
You feel sick.
The water moccasin bites you but does no damage.
You slash the water moccasin!
The water moccasin is severely wounded.
You feel sick. The water moccasin barely misses you.
The water moccasin bites you.
You die...
Your body disappears without additional glow.

#......####<........#
#.#.......รท.........##
..####...............##
...* #................#
#.## ##.............###
.. .###..............#
....................## ,
#..........#....####
.<###...........@......#
.....#.........S......#
##....##..........#...##
#.....##..........###.#
.......#....#....## **#
............###..#
..........### #.##
.........## ###
..........##


You could see a water moccasin.

Vanquished Creatures
  Menkaure (D:4)
  2 black bears
  An ice beast (D:5)
  A kobold brigand (D:3)
  3 scorpions
  2 hounds
  A gnoll bouda (D:5)
  Jessica (D:3)
  A sleepcap (D:5)
  2 iguanas
  Robin (D:4)
  2 adders
  3 gnolls (D:5)
  A white imp (D:4)
  An ufetubus (D:3)
  2 worms (D:2)
  A dart slug (D:3)
  An orc (D:4)
  A bat (D:1)
  5 endoplasms
  8 hobgoblins
  3 jackals (D:2)
  A quokka (D:4)
  8 ball pythons
  2 frilled lizards
  9 goblins
  7 kobolds
  6 rats
77 creatures vanquished.

Vanquished Creatures (collateral kills)
  A gnoll bouda (D:5)
  5 gnolls (D:5)
  An adder (D:5)
7 creatures vanquished.

Grand Total: 84 creatures vanquished

Notes
Turn   | Place    | Note
-------+----------+-------------------------------------------
     0 | D:1      | monsoonserge the Meteoran Monk began the quest for the Orb.
     0 | D:1      | Reached XP level 1. HP: 19/19 MP: 2/2
   100 | D:1      | Reached XP level 2. HP: 26/26 MP: 3/3
   196 | D:1      | Reached skill level 4 in Long Blades
   461 | D:2      | Reached XP level 3. HP: 27/31 MP: 4/4
   864 | D:3      | Found an opulent altar of Gozag.
   945 | D:3      | Reached XP level 4. HP: 30/40 MP: 5/5
   954 | D:3      | Found a shimmering altar of Xom.
  1179 | D:3      | Noticed Jessica
  1183 | D:3      | Killed Jessica
  1184 | D:3      | Reached skill level 5 in Long Blades
  1184 | D:3      | Reached skill level 1 in Armour
  1194 | D:4      | Noticed a kobold brigand
  1206 | D:3      | Killed a kobold brigand
  1207 | D:3      | Reached XP level 5. HP: 45/46 MP: 6/6
  1236 | D:4      | Noticed Menkaure
  1241 | D:4      | Killed Menkaure
  1242 | D:4      | Reached skill level 6 in Long Blades
  1242 | D:4      | Reached XP level 6. HP: 8/52 MP: 7/7
  1263 | D:4      | HP: 2/52 [white imp (2)]
  1266 | D:4      | Reached XP level 7. HP: 4/59 MP: 8/8
  1485 | D:4      | Reached skill level 7 in Long Blades
  1526 | D:4      | Noticed Robin
  1537 | D:4      | Killed Robin
  1705 | D:5      | Entered Level 5 of the Dungeon
  1795 | D:5      | Reached XP level 8. HP: 52/67 MP: 9/9
  1828 | D:5      | Found a staircase to the Ecumenical Temple.
  1852 | Temple   | Entered the Ecumenical Temple
  1866 | Temple   | Reached skill level 8 in Long Blades
  1921 | Temple   | Became a worshipper of Nemelex Xobeh the Trickster
  1921 | Temple   | Reached * piety under Nemelex Xobeh
  1921 | Temple   | Received a gift from Nemelex Xobeh
  1921 | Temple   | Reached ** piety under Nemelex Xobeh
  2087 | D:5      | Reached skill level 5 in Dodging
  2091 | D:5      | Reached skill level 5 in Fighting
  2122 | D:5      | Reached skill level 1 in Invocations
  2173 | D:5      | Reached skill level 5 in Armour
  2179 | D:5      | Slain by a water moccasin

Illustrated notes

Levels and vault maps discovered:
D:1:      nzn_arrival_depleted_hourglass, layout_basic
D:2:      minmay_roachtagon, layout_basic
D:3:      layout_basic, nicolae_gozag_cash_rules_everything_around_me,
          grunt_temple_overflow_open, serial_shops,
          nicolae_shop_back_alley_shop, uniq_jessica
D:4:      layout_basic, uniq_robin, uniq_menkaure
D:5:      layout_cave_pools, minmay_temple_entry_statues_pillars,
          hangedman_abyss_or_decor_lesser_grid
D:6:      layout_basic
Temple:   nicolae_temple_two_arcs

Skill      XL: |  1  2  3  4  5  6  7  8 |
---------------+-------------------------+-----
Long Blades    | 4 5 6 7 8 |  8.9
Dodging        | 4 5 |  5.1
Armour         | 1 2 3 5 |  5.0
Fighting       | 4 5 |  5.0
Invocations    | 1 |  1.1
Throwing       | |  0.1

Action                     |  1- 3 |  4- 6 |  7- 9 || total
---------------------------+-------+-------+-------++-------
  Melee: Falchion          |    75 |    43 |   167 ||   285
  Throw: Boomerang         |       |       |     1 ||     1
 Invoke: Draw Destruction  |       |       |     1 ||     1
         Draw Summoning    |       |       |     1 ||     1
    Use: Potion            |       |     1 |       ||     1
         Scroll            |       |       |     5 ||     5
 Armour: Robe              |     3 |       |       ||     3
         Chain mail        |    19 |    18 |   100 ||   137
         Leather armour    |     5 |       |       ||     5
  Dodge: Dodged            |    28 |    12 |    81 ||   121
